 Dungeon Crawl Stone Soup version 0.31-a0-1057-g70f3316b05 (webtiles) character file.

Game seed: 3475883272642138157

13169 IndexError the Warrior (level 12, -7/103 HPs)
             Began as a Djinni Conjurer on Nov 20, 2023.
             Was a Priest of Makhleb.
             Mangled by a dire elephant (35 damage)
             ... in a Gauntlet.
             The game lasted 00:26:31 (12850 turns).

IndexError the Warrior (Djinni Conjurer)           Turns: 12850, Time: 00:26:32

Health: -7/103     AC:  7    Str:  4 (6)  XL:     12   Next: 29%
Gold:   761        EV: 10    Int: 22 (25) God:    Makhleb [***...] SH:  5 Dex: 10 (12)

rFire   + + .        B - staff of conjuration {!a}
rCold   x . .        E - +2 buckler
rNeg    . . .        w - +0 troll leather armour {regen}
rPois   ∞            t - +0 helmet
rElec   .            f - +2 cloak
rCorr   .            (no gloves)
SInv    .            (boots unavailable)
Will    ++...        (no amulet)
Stlth   +            a - ring of willpower
HPRegen 1.17/turn    (no ring)
MPRegen 0.00/turn

%: no teleportation, infuse magic (-8 HP)
@: brilliant, flying, very slightly contaminated
A: sickness immunity, fire resistance 2, cold vulnerability 1, float, innate
caster, HP casting, extra vitality 1
a: Renounce Religion, Minor Destruction, Lesser Servant of Makhleb


You were in a Gauntlet.
You worshipped Makhleb.
Makhleb was most pleased with you.
You visited 3 branches of the dungeon, and saw 14 of its levels.
You also visited: Gauntlet.

You collected 761 gold pieces.

Inventory:

Missiles
 i - 3 javelins
Armour
 f - a +2 cloak (worn)
   (You took it off Maurice on level 11 of the Dungeon)
 g - the +1 helmet of the Game Afoot {Harm Rampage rF-}
   (You found it in a Gauntlet)

   rF-:       It makes you vulnerable to fire.
   Harm:      It increases damage dealt and taken.
   Rampage:   It bestows one free step when moving towards enemies.
 t - a +0 helmet (worn)
   (You found it on level 4 of the Dungeon)
 w - a +0 troll leather armour (worn) {regen}
   (You found it on level 8 of the Dungeon)
 y - the +0 cloak of Parlour Games {Fly SInv}
   (You found it in a Gauntlet)

   SInv:      It lets you see invisible.
   Fly:       It grants you flight.
 E - a +2 buckler (worn)
   (You found it on level 8 of the Dungeon)
Magical Staves
 B - a staff of conjuration (weapon) {!a}
   (You found it on level 7 of the Dungeon)
Jewellery
 a - a ring of willpower (left hand)
   (You took it off a centaur on level 8 of the Dungeon)
Wands
 c - a wand of flame (59)
   (You took it off Ijyb on level 4 of the Dungeon)
 l - a wand of acid (6)
   (You found it on level 11 of the Dungeon)
 s - a wand of iceblast (5)
   (You found it on level 4 of the Dungeon)
 x - a wand of digging (5)
   (You found it on level 7 of the Dungeon)
 z - a wand of paralysis (23)
   (You found it on level 7 of the Dungeon)
 D - a wand of polymorph (8)
   (You found it on level 7 of the Dungeon)
Scrolls
 b - 2 scrolls of revelation
 d - 2 scrolls of poison
 k - a scroll of teleportation
 n - a scroll of fear
 r - 3 scrolls of vulnerability {!r!r}
 u - a scroll of blinking {unknown}
 A - 3 scrolls of butterflies
Potions
 e - 4 potions of degeneration {!q}
 h - 2 potions of enlightenment {unknown}
 j - 3 potions of might {unknown}
 m - 5 potions of curing
 o - 3 potions of brilliance
 p - 3 potions of haste {unknown}
 q - 3 potions of heal wounds {unknown}
 v - 3 potions of mutation {unknown}
 C - a potion of magic {unknown}
 G - a potion of lignification {!q}


   Skills:
 * Level 15.9 Fighting
 - Level 2.1 Dodging
 - Level 1.5 Stealth
 + Level 8.2 Spellcasting
 + Level 8.2 Conjurations
 + Level 8.2 Hexes
   Level 0.0 Charms
 + Level 8.2 Summonings
 + Level 8.2 Necromancy
 + Level 8.2 Translocations
 + Level 8.2 Transmutations
 + Level 8.2 Fire Magic
 + Level 8.2 Ice Magic
 + Level 8.2 Air Magic
 + Level 8.2 Earth Magic
 + Level 8.2 Poison Magic


You knew the following spells:

 Your Spells              Type           Power      Damage    Failure   Level
a - Magic Dart            Conj           100%       1d8       1%          1
b - Searing Ray           Conj           100%       2d8       1%          2
c - Dazzling Flash        Conj/Hex       100%       N/A       2%          3
d - Fulminant Prism       Conj/Hex       40%        3d19      9%          4
e - Necrotise             Necr           100%       1d9       1%          1
f - Ensorcelled Hibernat  Hex/Ice        100%       N/A       1%          2
g - Wereblood             Tmut           61%        N/A       1%          2
h - Vhi's Electric Charg  Tloc/Air       100%       N/A       9%          4
i - Arcjolt               Conj/Air       40%        1d50      26%         5
x - Iskenderun's Mystic   Conj/Tloc      80%        2d16      9%          4
Your spell library was empty.

Dungeon Overview and Level Annotations

Branches:
Dungeon (12/15)            Temple (1/1) D:5            Lair (1/5) D:10
    Orc (0/2) D:10        Gauntlet (1/1)

Altars:
Ashenzari
Cheibriados
Dithmenos
Elyvilon
Fedhas
Gozag
Hepliaklqana
Makhleb
Nemelex Xobeh
Okawaru
Qazlal
Ru
Trog
Uskayaw
Wu Jian
Xom
Yredelemnul
Zin
The Shining One

Shops:
D:2 (?   D:9 !

Annotations:
Gauntlet 9 transporters, 1 runed translucent door, exclusions: obsidian statue and orange crystal statue


Innate Abilities, Weirdness & Mutations

You are immune to sickness and miasma.
You are immune to poison.
Your flesh is very heat resistant. (rF++)
You are vulnerable to cold. (rC-)
You float through the air rather than walking.
You learn spells naturally, not from books.
Your magical power is your life essence.
You have superior vitality. (+4 MHP)


Message History

g - the +1 helmet of the Game Afoot {Harm Rampage rF-}
Okay, then.
The orange demon stings you from afar!
You see here 22 gold pieces.
You take 12 damage, and have 91/103 hp.
You now have 725 gold pieces (gained 22).
You block the orange demon's attack. The orange demon stings you from afar!
You see here a scroll labelled WAAMUXOPNI.
You take 11 damage, and have 81/103 hp.
u - a scroll labelled WAAMUXOPNI The orange demon stings you but does no damage.
The obsidian statue's eyes glow briefly.
The orange demon barely misses you.
The quasit enters a dispersal trap!
The shadow imp blinks!
The chaos spawn blinks!
The orange demon blinks!
You regained 2 hp, and now have 84/103 hp.
There is a transporter here.
You enter the transporter and appear at another place.
You regained 2 hp, and now have 91/103 hp.
There is a transporter here.
You start resting.
HP restored.
Health restored: 103 You enter the transporter and appear at another place.
You see here the +0 cloak of Parlour Games {Fly SInv}.
y - the +0 cloak of Parlour Games {Fly SInv}
There is a transporter here.
You see here 36 gold pieces.
You now have 761 gold pieces (gained 36).
You hit the dire elephant. The dire elephant tramples you!!
You are shoved backwards!
The dire elephant tramples you.
You are shoved backwards!
You take 34 damage, and have 69/103 hp.
MASSIVE DAMAGE!!
Casting: Fulminant Prism (dangerous; 5% risk of failure)
Confirm with . or Enter, or press ? or * to list all spells.
You feel a surge of power!
You erupt in a blast of force!
The mystic blast hits the dire elephant.
The dire elephant is knocked back by the mystic blast.
You take 3 damage, and have 66/103 hp.
Casting: Iskenderun's Mystic Blast (dangerous; 5% risk of failure)
Confirm with . or Enter, or press ? or * to list all spells.
You feel a surge of power!
You erupt in a blast of force!
The mystic blast hits the dire elephant but does no damage.
The mystic blast hits the elephant!
You take 3 damage, and have 63/103 hp.
Casting: Iskenderun's Mystic Blast (dangerous; 5% risk of failure)
Confirm with . or Enter, or press ? or * to list all spells.
You feel a surge of power!
You erupt in a blast of force!
The mystic blast hits the elephant!
The elephant is knocked back by the mystic blast.
The mystic blast hits the elephant.
The elephant is knocked back by the mystic blast.
The mystic blast hits the dire elephant!
The dire elephant is knocked back by the mystic blast.
The mystic blast hits the elephant!!
The elephant tramples you!
You hold your ground!
The elephant trunk-slaps you but does no damage.
You take 14 damage, and have 49/103 hp.
Casting: Iskenderun's Mystic Blast (dangerous; 5% risk of failure)
Confirm with . or Enter, or press ? or * to list all spells.
You feel a surge of power!
You miscast Iskenderun's Mystic Blast.
You are very lightly contaminated with residual magic.
Nothing appears to happen.
The dire elephant closely misses you. The dire elephant trunk-slaps you!
The elephant tramples you.
You hold your ground!
The elephant trunk-slaps you but does no damage.
You take 15 damage, and have 34/103 hp.
Casting: Iskenderun's Mystic Blast (dangerous; 5% risk of failure)
Confirm with . or Enter, or press ? or * to list all spells.
You feel a surge of power!
You erupt in a blast of force!
The mystic blast hits the elephant!!
The mystic blast hits the elephant.
The elephant is knocked back by the mystic blast.
The mystic blast hits the dire elephant!
The dire elephant is knocked back by the mystic blast.
The dire elephant collides with the elephant!
The mystic blast hits the elephant!!
The elephant is knocked back by the mystic blast.
The elephant slams into the translucent stone wall!
Makhleb accepts your kill.
* * * LOW HITPOINT WARNING * * *
You take 3 damage, and have 31/103 hp.
Okay, then.
The arcanist's eyes start to glow.
The dire elephant tramples you.
* * * LOW HITPOINT WARNING * * *
You hold your ground!
The dire elephant trunk-slaps you but does no damage.
You take 3 damage, and have 29/103 hp.
It was a potion of curing.
You feel better. The dire elephant tramples you!
* * * LOW HITPOINT WARNING * * *
You are shoved backwards!
You take 5 damage, and have 25/103 hp.
It was a potion of degeneration.
There was something very wrong with that liquid.
You feel weakened.
You feel dopey.
You feel clumsy.
You regained 2 hp, and now have 27/103 hp.
It was a potion of brilliance.
You feel clever all of a sudden. The dire elephant tramples you!!
You die...

#≈.....#.©.#.....###########..
##.8...#.8.#...8....#.©.#....8
##......#.©.#........#...#.....
#≈...###########.....#.©.#.....
##...#.........#...#########...
#§...#..##.##..#...#©..#...#...
##...#.#..#..#.#...###.#.#.#...
#≈...#.#..#©.#.#...#...#.#5#...
##.8.#..#####Y@#.8.#.###.#5#.8.
#≈...#.#..#..#Y#...#.#...#5#...
##§..#.#..#..#Y#...#+#.###5#...
#≈§..#..##.##..#...#p..#p55#...
##§..#..(.©....#...#########...
#≈...###########...............
##...............8.....8.....8.
#≈.8......8....................
##...............#≈#########≈#.


You could see a dire elephant, 2 elephants and an arcanist.

Vanquished Creatures
  2 two-headed ogres
  A tengu warrior (D:11)
  A manticore (D:11)
  2 cyclopes
  Maurice (D:11)
  An elephant (Gauntlet)
  An unseen horror (D:10)
  2 komodo dragons
  2 trolls
  Grinder (D:4)
  Sigmund (D:2)
  A wyvern (D:6)
  A shadow (D:11)
  3 wraiths
  11 yaks
  2 steam dragons
  Edmund (D:5)
  A warg (D:10)
  An acid dragon (D:8)
  3 water moccasins
  3 black bears
  4 orc warriors
  An ice beast (D:7)
  A hornet zombie (D:6)
  A sky beast (D:7)
  An ogre (D:5)
  8 centaurs
  2 phantoms (D:5)
  5 scorpions
  A wyvern zombie (D:6)
  6 bullfrogs
  2 gnoll sergeants
  8 wights
  9 killer bees
  5 howler monkeys
  A bullfrog zombie (D:6)
  2 centaur zombies (D:6)
  3 hounds (D:7)
  2 jellies
  A centaur skeleton (D:6)
  8 orc priests
  A bullfrog skeleton (D:6)
  2 sleepcaps (D:5)
  3 iguanas
  9 orc wizards
  Ijyb (D:4)
  A killer bee zombie (D:6)
  2 howler monkey zombies (D:6)
  10 gnolls
  8 adders
  4 ufetubi
  A worm (D:3)
  6 dart slugs
  36 orcs
  5 ball pythons
  7 endoplasms
  5 giant cockroaches
  3 goblins
  8 hobgoblins
  9 jackals
  3 kobolds
  A quokka (D:1)
  4 bats
  2 frilled lizards
  7 rats
251 creatures vanquished.

Vanquished Creatures (others)
  31 fulminant prisms
31 creatures vanquished.

Grand Total: 282 creatures vanquished

Notes
Turn   | Place    | Note
-------+----------+-------------------------------------------
     0 | D:1      | IndexError the Djinni Conjurer began the quest for the Orb.
     0 | D:1      | IndexError set off with the following spells memorised:
                  | Magic Dart, Searing Ray, Dazzling Flash, Fulminant Prism,
                  | Iskenderun's Mystic Blast.
     0 | D:1      | Reached XP level 1. HP: 15/15 MP: 0/0
    63 | D:1      | Reached skill level 1 in Fighting
    63 | D:1      | Reached XP level 2. HP: 18/22 MP: 0/0
   343 | D:1      | Reached XP level 3. HP: 28/28 MP: 0/0
   343 | D:1      | Learned a level 1 spell: Necrotise
   363 | D:1      | Reached skill level 2 in Fighting
  1093 | D:2      | Noticed Sigmund
  1098 | D:2      | Killed Sigmund
  1099 | D:2      | Reached skill level 4 in Fighting
  1099 | D:2      | Reached skill level 4 in Spellcasting
  1099 | D:2      | Reached skill level 4 in Conjurations
  1099 | D:2      | Reached skill level 4 in Hexes
  1099 | D:2      | Reached skill level 4 in Summonings
  1099 | D:2      | Reached skill level 4 in Necromancy
  1099 | D:2      | Reached skill level 4 in Translocations
  1099 | D:2      | Reached skill level 4 in Transmutations
  1099 | D:2      | Reached skill level 4 in Fire Magic
  1099 | D:2      | Reached skill level 4 in Ice Magic
  1099 | D:2      | Reached skill level 4 in Air Magic
  1099 | D:2      | Reached skill level 4 in Earth Magic
  1099 | D:2      | Reached skill level 4 in Poison Magic
  1099 | D:2      | Reached XP level 4. HP: 30/38 MP: 0/0
  1099 | D:2      | Reached XP level 5. HP: 33/42 MP: 0/0
  1099 | D:2      | Learned a level 2 spell: Ensorcelled Hibernation
  1099 | D:2      | Reached XP level 6. HP: 38/48 MP: 0/0
  1502 | D:2      | Found Gulaegh's Magic Scroll Shop.
  1559 | D:2      | Found Qoiruika's Antique Weapon Boutique.
  2029 | D:3      | Reached skill level 5 in Fighting
  2594 | D:4      | Noticed Grinder
  2604 | D:4      | HP: 3/49 [Grinder/nerve-wracking pain (13)]
  2771 | D:4      | Paralysed by Grinder for 4 turns
  2896 | D:4      | Paralysed by Grinder for 3 turns
  2901 | D:4      | Killed Grinder
  2901 | D:4      | Noticed a black bear
  2902 | D:4      | Reached skill level 6 in Fighting
  2902 | D:4      | Reached XP level 7. HP: 41/56 MP: 0/0
  2902 | D:4      | Learned a level 2 spell: Wereblood
  3257 | D:5      | Entered Level 5 of the Dungeon
  3344 | D:5      | HP: 14/57 [scorpion (2)]
  3631 | D:5      | Noticed Edmund
  3645 | D:5      | Killed Edmund
  3646 | D:5      | Reached skill level 7 in Fighting
  3646 | D:5      | Reached XP level 8. HP: 18/64 MP: 0/0
  4228 | D:5      | Reached skill level 8 in Fighting
  4228 | D:5      | Reached skill level 5 in Spellcasting
  4228 | D:5      | Reached skill level 5 in Conjurations
  4228 | D:5      | Reached skill level 5 in Hexes
  4228 | D:5      | Reached skill level 5 in Summonings
  4228 | D:5      | Reached skill level 5 in Necromancy
  4228 | D:5      | Reached skill level 5 in Translocations
  4228 | D:5      | Reached skill level 5 in Transmutations
  4228 | D:5      | Reached skill level 5 in Fire Magic
  4228 | D:5      | Reached skill level 5 in Ice Magic
  4228 | D:5      | Reached skill level 5 in Air Magic
  4228 | D:5      | Reached skill level 5 in Earth Magic
  4228 | D:5      | Reached skill level 5 in Poison Magic
  4259 | D:4      | Noticed Ijyb
  4268 | D:4      | Killed Ijyb
  4486 | D:4      | Identified the +8 rapier of Tidded {speed, Int+3}
  4840 | D:5      | Reached XP level 9. HP: 61/71 MP: 0/0
  4840 | D:5      | Learned a level 4 spell: Vhi's Electric Charge
  4956 | D:5      | Found a staircase to the Ecumenical Temple.
  4962 | D:5      | Identified the +2 scale mail "Guusaof" {Slay+3}
  5002 | D:5      | Reached skill level 9 in Fighting
  5106 | Temple   | Entered the Ecumenical Temple
  5116 | Temple   | Became a worshipper of Makhleb the Destroyer
  5576 | D:6      | HP: 17/73 [hornet zombie (12)]
  5577 | D:6      | HP: 5/73 [hornet zombie (11)]
  5844 | D:6      | HP: 16/73 [centaur/arrow (9)]
  5851 | D:6      | HP: 16/74 [centaur skeleton (1)]
  6155 | D:6      | HP: 18/74 [wyvern zombie (2)]
  6156 | D:6      | Reached skill level 10 in Fighting
  7333 | D:7      | Reached skill level 6 in Spellcasting
  7333 | D:7      | Reached skill level 6 in Conjurations
  7333 | D:7      | Reached skill level 6 in Hexes
  7333 | D:7      | Reached skill level 6 in Summonings
  7333 | D:7      | Reached skill level 6 in Necromancy
  7333 | D:7      | Reached skill level 6 in Translocations
  7333 | D:7      | Reached skill level 6 in Transmutations
  7333 | D:7      | Reached skill level 6 in Fire Magic
  7333 | D:7      | Reached skill level 6 in Ice Magic
  7333 | D:7      | Reached skill level 6 in Air Magic
  7333 | D:7      | Reached skill level 6 in Earth Magic
  7333 | D:7      | Reached skill level 6 in Poison Magic
  7343 | D:7      | Reached skill level 11 in Fighting
  7469 | D:7      | Reached XP level 10. HP: 79/82 MP: 0/0
  7938 | D:7      | Reached * piety under Makhleb
  7989 | D:7      | Found a shadowy altar of Dithmenos.
  8421 | D:7      | Reached skill level 12 in Fighting
  9403 | D:8      | Found an iron altar of Okawaru.
  9659 | D:9      | Found a stormy altar of Qazlal.
  9819 | D:9      | Reached skill level 13 in Fighting
  9839 | D:9      | Found Apagaob's Distillery.
  9870 | D:9      | Noticed a two-headed ogre
  9880 | D:9      | Reached ** piety under Makhleb
  9882 | D:9      | Reached XP level 11. HP: 92/92 MP: 0/0
  9882 | D:9      | Learned a level 5 spell: Arcjolt
  9885 | D:9      | Killed a two-headed ogre
  9886 | D:9      | Reached skill level 7 in Spellcasting
  9886 | D:9      | Reached skill level 7 in Conjurations
  9886 | D:9      | Reached skill level 7 in Hexes
  9886 | D:9      | Reached skill level 7 in Summonings
  9886 | D:9      | Reached skill level 7 in Necromancy
  9886 | D:9      | Reached skill level 7 in Translocations
  9886 | D:9      | Reached skill level 7 in Transmutations
  9886 | D:9      | Reached skill level 7 in Fire Magic
  9886 | D:9      | Reached skill level 7 in Ice Magic
  9886 | D:9      | Reached skill level 7 in Air Magic
  9886 | D:9      | Reached skill level 7 in Earth Magic
  9886 | D:9      | Reached skill level 7 in Poison Magic
  9947 | D:9      | Reached skill level 14 in Fighting
 10036 | D:9      | Found a glowing golden altar of the Shining One.
 10037 | D:9      | Found a glowing silver altar of Zin.
 10162 | D:9      | You are sucked into a shaft and drop 1 floor!
 10162 | D:10     | Entered Level 10 of the Dungeon
 10382 | D:10     | Noticed a two-headed ogre
 10389 | D:10     | Killed a two-headed ogre
 10623 | D:9      | Found a basalt altar of Yredelemnul.
 10667 | D:9      | Found a blossoming altar of Fedhas.
 11003 | D:10     | Found a staircase to the Orcish Mines.
 11214 | D:10     | Found a staircase to the Lair.
 11450 | D:10     | Noticed a cyclops
 11458 | D:10     | Killed a cyclops
 11512 | D:11     | Reached *** piety under Makhleb
 11605 | D:11     | Noticed Maurice
 11611 | D:11     | Killed Maurice
 11612 | D:11     | Reached skill level 15 in Fighting
 11722 | D:11     | Noticed a cyclops
 11727 | D:11     | Killed a cyclops
 12140 | D:11     | Noticed a manticore
 12145 | D:11     | Noticed a tengu warrior
 12147 | D:11     | Killed a manticore
 12148 | D:11     | Reached XP level 12. HP: 103/103 MP: 0/0
 12152 | D:11     | Killed a tengu warrior
 12153 | D:11     | Reached skill level 8 in Spellcasting
 12153 | D:11     | Reached skill level 8 in Conjurations
 12153 | D:11     | Reached skill level 8 in Hexes
 12153 | D:11     | Reached skill level 8 in Summonings
 12153 | D:11     | Reached skill level 8 in Necromancy
 12153 | D:11     | Reached skill level 8 in Translocations
 12153 | D:11     | Reached skill level 8 in Transmutations
 12153 | D:11     | Reached skill level 8 in Fire Magic
 12153 | D:11     | Reached skill level 8 in Ice Magic
 12153 | D:11     | Reached skill level 8 in Air Magic
 12153 | D:11     | Reached skill level 8 in Earth Magic
 12153 | D:11     | Reached skill level 8 in Poison Magic
 12253 | Lair:1   | Entered Level 1 of the Lair of Beasts
 12371 | Lair:1   | Found a gate leading to a gauntlet.
 12380 | Lair:1   | HP: 20/103 [komodo dragon (29)]
 12504 | Gauntlet | Entered a Gauntlet
 12504 | Gauntlet | Found a transporter.
 12513 | Gauntlet | Found a transporter.
 12531 | Gauntlet | Found a transporter.
 12534 | Gauntlet | Found a transporter.
 12543 | Gauntlet | Noticed a balrug
 12555 | Gauntlet | Found a transporter.
 12567 | Gauntlet | Found a transporter.
 12572 | Gauntlet | Found a runed translucent door.
 12577 | Gauntlet | Found a transporter.
 12581 | Gauntlet | Found a transporter.
 12603 | Gauntlet | Noticed a dire elephant
 12604 | Gauntlet | Found a transporter.
 12633 | Gauntlet | Found a transporter.
 12633 | Gauntlet | Found a transporter.
 12640 | Gauntlet | Found a transporter.
 12804 | Gauntlet | Identified the +1 helmet of the Game Afoot {Harm Rampage
                  | rF-}
 12834 | Gauntlet | Identified the +0 cloak of Parlour Games {Fly SInv}
 12848 | Gauntlet | HP: 25/103 [dire elephant (11)]
 12850 | Gauntlet | Mangled by a dire elephant

Illustrated notes

Levels and vault maps discovered:
D:1:      orjb1_clovarrival, layout_basic
D:2:      layout_loops_ring, serial_shops, nicolae_square_shop, shop,
          uniq_sigmund
D:3:      layout_basic, kennysheep_crisscross, hangedman_decor_slide_cut
D:4:      layout_basic, uniq_grinder, uniq_ijyb
D:5:      layout_basic, minmay_temple_entry_enclosed_plants, uniq_edmund
D:6:      layout_layer_cave, serial_undead, serial_undead_f, serial_undead_b,
          serial_undead_f, serial_undead_c, bh_walls_and_bars
D:7:      minmay_clustersquares, layout_gridville,
          nicolae_dithmenos_shadow_blocks, vehumet_altar_wand_db
D:8:      layout_gridville, kennysheep_okawaru_gauntlet
D:9:      layout_cross, mainiacjoe_overflow_alcove_4, marbit_many_paths,
          gammafunk_temple_overflow_pools, overflow_temple_1_default,
          nicolae_take_the_stairs
D:10:     layout_small_grid, david_lair_shrubbed, erik_orc_3
D:11:     layout_roguey, serial_corexii_hall, chequers_hall_statues_corner_a,
          corexii_hall_statues_i, uniq_maurice
D:12:     layout_roguey, serial_glass, glass_columns_b, glass_columns_a,
          glass_columns_b, glass_columns_a, glass_columns_b, glass_columns_a,
          portal_ice_cave_demonic_guard, pond, uniq_lodul, uniq_josephine
Temple:   nicolae_temple_great_sept
Lair:1:   layout_loops_ring, gauntlet_entry_generic, fungi_pond_lemuel,
          infiniplex_staircase_pool
Gauntlet: minmay_gauntlet_mixed_oops_all_seconds [minmay_gauntlet_arena_77_fan,
          nicolae_gauntlet_swirl, minmay_gauntlet_arena_77_terracotta_army,
          nicolae_gauntlet_arena_quarters, minmay_gauntlet_arena_77_path,
          nicolae_gauntlet_arena_grate_2, dreamdust_gauntlet_exit_labyrinth]

Skill      XL: |  1  2  3  4  5  6  7  8  9 10 11 12 |
---------------+-------------------------------------+-----
Fighting       | 1 4 6 7 8 11 13 15 | 15.9
Spellcasting   | 4 5 6 7 8 |  8.2
Conjurations   | 4 5 6 7 8 |  8.2
Hexes          | 4 5 6 7 8 |  8.2
Summonings     | 4 5 6 7 8 |  8.2
Necromancy     | 4 5 6 7 8 |  8.2
Translocations | 4 5 6 7 8 |  8.2
Transmutations | 4 5 6 7 8 |  8.2
Fire Magic     | 4 5 6 7 8 |  8.2
Ice Magic      | 4 5 6 7 8 |  8.2
Air Magic      | 4 5 6 7 8 |  8.2
Earth Magic    | 4 5 6 7 8 |  8.2
Poison Magic   | 4 5 6 7 8 |  8.2
Dodging        | |  2.1
Stealth        | |  1.5

Action                     |  1- 3 |  4- 6 |  7- 9 | 10-12 || total
---------------------------+-------+-------+-------+-------++-------
  Melee: Dagger            |       |       |     1 |       ||     1
         Staff             |       |       |       |     7 ||     7
   Cast: Magic Dart        |    69 |    70 |   117 |   206 ||   462
         Searing Ray       |     2 |     4 |    32 |    64 ||   102
         Iskenderun's Myst |       |     3 |    18 |    30 ||    51
         Fulminant Prism   |       |     3 |     9 |    19 ||    31
         Ensorcelled Hiber |       |       |       |     2 ||     2
  Evoke: Wand              |       |       |     1 |       ||     1
    Use: Scroll            |       |       |       |    13 ||    13
         Potion            |       |       |       |     3 ||     3
   Stab: Sleeping          |       |       |       |     1 ||     1
 Armour: Robe              |     1 |     7 |   108 |    27 ||   143
         Troll leather arm |       |       |       |   120 ||   120
         Steam dragon scal |       |       |       |    21 ||    21
  Dodge: Dodged            |     8 |    14 |    63 |    93 ||   178
  Block: Buckler           |       |       |       |    43 ||    43

Table legend: (Time is in decaauts)
 A = Elapsed time spent in this place.
 B = Non-inter-level travel time spent in this place.
 C = Inter-level travel time spent in this place.
 D = Time resting spent in this place.
 E = Time spent auto-exploring this place.
 F = Levels seen in this place.
 G = Mean time per level.
                   A        B        C        D        E       F      G
               +--------+--------+--------+--------+--------+-----+--------+
         Total |  12887 |  11797 |   1090 |     10 |   9935 |  15 |  859.1 |
       Dungeon |  12268 |  11208 |   1060 |      0 |   9662 |  12 | 1022.3 |
        Temple |     20 |      2 |     18 |      0 |      0 |   1 |   20.0 |
          Lair |    252 |    240 |     12 |      0 |    109 |   1 |  252.0 |
      Gauntlet |    346 |    346 |      0 |     10 |    164 |   1 |  346.0 |
               +--------+--------+--------+--------+--------+-----+--------+

Top non-repeatable levels by time:
     D:5: 2175 daAuts
     D:6: 1774 daAuts
     D:3: 1172 daAuts
     D:7: 1171 daAuts
     D:4: 1025 daAuts
    D:10: 944 daAuts
     D:1: 911 daAuts
     D:9: 842 daAuts
     D:2: 754 daAuts
    D:11: 749 daAuts
     D:8: 745 daAuts
Gauntlet: 346 daAuts
  Lair:1: 252 daAuts
  Temple: 20 daAuts
    D:12: 2 daAuts

Levels and vault maps discovered:
D:1:      orjb1_clovarrival, layout_basic
D:2:      layout_loops_ring, serial_shops, nicolae_square_shop, shop,
          uniq_sigmund
D:3:      layout_basic, kennysheep_crisscross, hangedman_decor_slide_cut
D:4:      layout_basic, uniq_grinder, uniq_ijyb
D:5:      layout_basic, minmay_temple_entry_enclosed_plants, uniq_edmund
D:6:      layout_layer_cave, serial_undead, serial_undead_f, serial_undead_b,
          serial_undead_f, serial_undead_c, bh_walls_and_bars
D:7:      minmay_clustersquares, layout_gridville,
          nicolae_dithmenos_shadow_blocks, vehumet_altar_wand_db
D:8:      layout_gridville, kennysheep_okawaru_gauntlet
D:9:      layout_cross, mainiacjoe_overflow_alcove_4, marbit_many_paths,
          gammafunk_temple_overflow_pools, overflow_temple_1_default,
          nicolae_take_the_stairs
D:10:     layout_small_grid, david_lair_shrubbed, erik_orc_3
D:11:     layout_roguey, serial_corexii_hall, chequers_hall_statues_corner_a,
          corexii_hall_statues_i, uniq_maurice
D:12:     layout_roguey, serial_glass, glass_columns_b, glass_columns_a,
          glass_columns_b, glass_columns_a, glass_columns_b, glass_columns_a,
          portal_ice_cave_demonic_guard, pond, uniq_lodul, uniq_josephine
Temple:   nicolae_temple_great_sept
Lair:1:   layout_loops_ring, gauntlet_entry_generic, fungi_pond_lemuel,
          infiniplex_staircase_pool
Gauntlet: minmay_gauntlet_mixed_oops_all_seconds [minmay_gauntlet_arena_77_fan,
          nicolae_gauntlet_swirl, minmay_gauntlet_arena_77_terracotta_army,
          nicolae_gauntlet_arena_quarters, minmay_gauntlet_arena_77_path,
          nicolae_gauntlet_arena_grate_2, dreamdust_gauntlet_exit_labyrinth]

Table legend: (Time is in decaauts)
 A = Elapsed time spent in this place.
 B = Non-inter-level travel time spent in this place.
 C = Inter-level travel time spent in this place.
 D = Time resting spent in this place.
 E = Time spent auto-exploring this place.
 F = Levels seen in this place.
 G = Mean time per level.
                   A        B        C        D        E       F      G
               +--------+--------+--------+--------+--------+-----+--------+
         Total |  12887 |  11797 |   1090 |     10 |   9935 |  15 |  859.1 |
       Dungeon |  12268 |  11208 |   1060 |      0 |   9662 |  12 | 1022.3 |
        Temple |     20 |      2 |     18 |      0 |      0 |   1 |   20.0 |
          Lair |    252 |    240 |     12 |      0 |    109 |   1 |  252.0 |
      Gauntlet |    346 |    346 |      0 |     10 |    164 |   1 |  346.0 |
               +--------+--------+--------+--------+--------+-----+--------+

Top non-repeatable levels by time:
     D:5: 2175 daAuts
     D:6: 1774 daAuts
     D:3: 1172 daAuts
     D:7: 1171 daAuts
     D:4: 1025 daAuts
    D:10: 944 daAuts
     D:1: 911 daAuts
     D:9: 842 daAuts
     D:2: 754 daAuts
    D:11: 749 daAuts
     D:8: 745 daAuts
Gauntlet: 346 daAuts
  Lair:1: 252 daAuts
  Temple: 20 daAuts
    D:12: 2 daAuts

Table legend:
 A = Kills in this place as a percentage of kills in the entire game.
 B = Kills by you in this place as a percentage of kills by you in the entire game.
 C = Kills by friends in this place as a percentage of kills by friends in the entire game.
 D = Other kills in this place as a percentage of other kills in the entire game.
 E = Experience gained in this place as a percentage of experience gained in the entire game.
 F = Experience gained in this place divided by the number of levels of this place that you have seen.
                   A       B       C       D       E      F
               +-------+-------+-------+-------+-------+----------------------
         Total | 100.0 | 100.0 |   N/A |   N/A | 100.0 | 1254.2
       Dungeon |  96.4 |  96.4 |   N/A |   N/A |  88.9 | 1393.8
          Lair |   3.2 |   3.2 |   N/A |   N/A |   8.8 | 1653.0
      Gauntlet |   0.4 |   0.4 |   N/A |   N/A |   2.3 | 434.0
               +-------+-------+-------+-------+-------+----------------------
